 Dungeon Crawl Stone Soup version 0.31-a0-167-g1c394c0614 (webtiles) character file.

Game seed: 2743581560717107425

56 qw the Shooter (level 3, 0/23 HPs)
             Began as a Gargoyle Hunter on June 14, 2023.
             Slain by a goblin
             ... wielding a +0 dagger
             ... led by Robin
              (1 damage)
             ... on level 2 of the Dungeon.
             The game lasted 00:00:34 (1366 turns).

qw the Shooter (Gargoyle Hunter)                    Turns: 1366, Time: 00:00:34

Health: 0/23       AC:  7    Str: 14    XL:     3   Next: 97%
Magic:  3/3        EV: 11    Int:  9    God:
Gold:   125        SH:  0    Dex: 15    Spells: 2/2 levels left

rFire   . . .        Y - +0 shortbow (flame)
rCold   . . .        (shield currently unavailable)
rNeg    + . .        c - +0 leather armour
rPois   inf          (no helmet)
rElec   +            (no cloak)
rCorr   .            b - +0 pair of gloves
SInv    .            (no boots)
Will    .....        (no amulet)
Stlth   ++           (no ring)
HPRegen 0.23/turn    (no ring)
MPRegen 0.08/turn

%: no passive effects
@: no status effects
A: sickness immunity, AC +3, negative energy resistance 1, electricity
resistance, torment resistance 1, petrification resistance
a: no special abilities


You were on level 2 of the Dungeon.
You visited 1 branch of the dungeon, and saw 3 of its levels.

You collected 125 gold pieces.


Innate Abilities, Weirdness & Mutations

You are immune to sickness and miasma.
Your stone body is resilient. (AC +3)
You are immune to poison.
You resist negative energy. (rN+)
You are resistant to electric shocks. (rElec)
You are resistant to unholy torment.
You are immune to petrification.


   Skills:
 - Level 3.0 Fighting
 + Level 5.1 Ranged Weapons
 - Level 1.5 Dodging
 - Level 1.1 Stealth


You had 2 spell levels left.
You didn't know any spells.
Your spell library was empty.

Inventory:

Hand Weapons
 Y - a +0 shortbow of flaming (weapon)
Armour
 b - a +0 pair of gloves (worn)
 c - a +0 leather armour (worn)
Jewellery
 d - a ring of fire
Potions
 e - a potion of degeneration {unknown}
 f - a potion of mutation {unknown}
 h - a potion of lignification {unknown}

Dungeon Overview and Level Annotations

Branches:
Dungeon (3/15)

Altars:

Shops:
D:2 (

Annotations:
D:3 Robin, Sigmund


Message History

Done exploring.
(D) Dungeon
Where to? (* - list waypoints, Enter - D:3, ? - help)
What level of the Dungeon? (default 1, ? - help)
There is a stone staircase leading down here.
You climb downwards.
Level annotation: Robin The kobold shouts!
You hear a shout!
Sigmund the Dreaded comes into view.
He is wielding a +4 scythe of protection.
The goblin closely misses you.
The goblin hits you but does no damage. x2
The hobgoblin closely misses you.
Robin roars a battlecry!
The goblins go into a battle-frenzy!
There is a stone staircase leading up here.
You shoot an arrow. The arrow hits the goblin.
The arrow burns the goblin.
You kill the goblin!
The goblin hits you but does no damage. The hobgoblin hits you.
The kobold closely misses you. The hobgoblin closely misses you.
The goblin barely misses you. The goblin hits you but does no damage.
Robin throws the goblin at you! The hobgoblin hits you.
1362 ||| STAIRDANCE The kobold barely misses you.
The hobgoblin hits you. The hobgoblin closely misses you.
The goblin barely misses you. The goblin hits you with a +0 club.
The goblin misses you.
You climb upwards.
There is a stone staircase leading down here.
You shoot an arrow.
The arrow hits the hobgoblin but does no damage.
The goblin closely misses you. The hobgoblin barely misses you.
The kobold closely misses you. The goblin hits you but does no damage.
The hobgoblin hits you.
You shoot an arrow.
The arrow hits the hobgoblin but does no damage.
The goblin hits you but does no damage. The hobgoblin misses you.
The kobold hits you with a +0 dagger. The goblin hits you with a +0 dagger.
The hobgoblin hits you.
You shoot an arrow. The arrow hits the hobgoblin.
The arrow burns the hobgoblin.
You kill the hobgoblin!
The goblin hits you with a +0 dagger.
You die...

##### ####### #...#
#.....# #.#..
#.###.# #...#
###g###.### ##.##
#gg@).....#######.#
#.#Kg.#...........#
#.#...###.##########
#.#.....#.##........
#.##..#.#.#.....##.#
#.##..#.#.#.....##.#
#.(.......#.....##.#
#######.###...(.##.#
####...##.....##..


You could see a hobgoblin (strong), 3 goblins and a kobold.

Vanquished Creatures
  2 adders (D:2)
  6 bats
  3 endoplasms (D:1)
  A giant cockroach (D:2)
  2 hobgoblins
  2 jackals (D:2)
  3 kobolds
  2 ball pythons
  3 frilled lizards
  11 goblins
  3 rats
38 creatures vanquished.

Notes
Turn   | Place    | Note
-------+----------+-------------------------------------------
     0 | D:1      | qw the Gargoyle Hunter began the quest for the Orb.
     0 | D:1      | Reached XP level 1. HP: 12/12 MP: 1/1
     0 | D:1      | 0 ||| qw: Version: 0.2-a-29-g1fa15c8
     0 | D:1      | 0 ||| qw: Game counter: 5037
     0 | D:1      | 0 ||| qw: Always use a shield: true
     0 | D:1      | 0 ||| qw: God list: Okawaru
     0 | D:1      | 0 ||| qw: Allow faded altars: false
     0 | D:1      | 0 ||| qw: Do Orc after D:15 true
     0 | D:1      | 0 ||| qw: Do second Lair branch before Depths: true
     0 | D:1      | 0 ||| qw: Lair rune preference: random
     0 | D:1      | 0 ||| qw: Plans: Normal, Zot:1-4, Slime:5, God:TSO, Crypt,
                  | Tomb, Abyss, Pan, Hells, Win
     0 | D:1      | 0 ||| PLANNING D:1-11
    44 | D:1      | 44 ||| DROPPING scroll of butterflies.
    55 | D:1      | 55 ||| FLEEEEING.
    56 | D:1      | 56 ||| FLEEEEING.
    57 | D:1      | 57 ||| FLEEEEING.
    58 | D:1      | 58 ||| FLEEEEING.
    59 | D:1      | 59 ||| FLEEEEING.
    60 | D:1      | 60 ||| FLEEEEING.
    62 | D:1      | 62 ||| FLEEEEING.
    63 | D:1      | 63 ||| FLEEEEING.
    64 | D:1      | 64 ||| FLEEEEING.
    65 | D:1      | 65 ||| FLEEEEING.
    66 | D:1      | 66 ||| FLEEEEING.
    67 | D:1      | 67 ||| FLEEEEING.
    68 | D:1      | 68 ||| FLEEEEING.
    69 | D:1      | 69 ||| FLEEEEING.
    70 | D:1      | 70 ||| FLEEEEING.
    71 | D:1      | 71 ||| FLEEEEING.
    72 | D:1      | 72 ||| FLEEEEING.
    73 | D:1      | 73 ||| FLEEEEING.
    74 | D:1      | 74 ||| FLEEEEING.
    75 | D:1      | 75 ||| FLEEEEING.
    76 | D:1      | 76 ||| FLEEEEING.
    77 | D:1      | 77 ||| FLEEEEING.
    78 | D:1      | 78 ||| FLEEEEING.
   172 | D:1      | Reached XP level 2. HP: 17/17 MP: 2/2
   650 | D:1      | 650 ||| UPGRADING to +0 pair of gloves.
   768 | D:2      | Reached skill level 5 in Ranged Weapons
   768 | D:2      | Reached XP level 3. HP: 21/21 MP: 3/3
  1070 | D:2      | Found Zargheiwa's Antique Weapon Boutique.
  1248 | D:2      | 1248 ||| READING scroll labelled JOPRUA KASAKK.
  1249 | D:2      | 1249 ||| READING scroll labelled ZETONU NOTULI.
  1250 | D:2      | 1250 ||| READING scroll labelled QOOMUU QEBIT.
  1259 | D:3      | Noticed Robin
  1265 | D:3      | 1265 ||| STAIRDANCE
  1268 | D:2      | Reached skill level 3 in Fighting
  1268 | D:2      | HP: 5/23 [goblin/+1 dagger of flaming[Robin] (2)]
  1269 | D:2      | HP: 2/23 [goblin/+0 dagger[Robin] (2)]
  1360 | D:3      | Noticed Sigmund
  1362 | D:3      | 1362 ||| STAIRDANCE
  1365 | D:2      | HP: 4/23 [kobold/+0 dagger (3)]
  1365 | D:2      | HP: 1/23 [hobgoblin (2)]
  1366 | D:2      | Slain by a goblin

Levels and vault maps discovered:
D:1:      wander_arrival_abandoned_jail, layout_basic, feat_on_display
D:2:      layout_loops_cross, serial_shops, nicolae_shop_window_shopping
D:3:      layout_rooms, gammafunk_temple_overflow_arena,
          ebering_ecumenical_altar_box, kennysheep_generic_room_14,
          uniq_natasha, uniq_robin, uniq_sigmund

Skill      XL: |  1  2  3 |
---------------+----------+-----
Ranged Weapons | 5 |  5.1
Fighting       | 3 |  3.0
Dodging        | |  1.5
Stealth        | |  1.1

Action                     || total
---------------------------++-------
   Fire: Shortbow          ||   115
    Use: Scroll            ||     3
 Armour: Leather armour    ||    43
  Dodge: Dodged            ||    60

Table legend:
 A = Non-vault XP
 B = Vault XP
 C = Vault XP percentage of total XP
 D = Non-vault monster count
 E = Vault monster count
 F = Vault count percentage of total count
                 A         B        C        D         E       F
            +---------+---------+-------+---------+---------+-------
      Total |      67 |      16 |  19.3 |      29 |       9 |  23.7
            +---------+---------+-------+---------+---------+-------
        D:1 |      19 |       0 |   0.0 |      12 |       0 |   0.0
        D:2 |      48 |      10 |  17.2 |      17 |       6 |  26.1
        D:3 |       0 |       6 | 100.0 |       0 |       3 | 100.0
            +---------+---------+-------+---------+---------+-------
